Yallah, lawful male human Samurai ----- |...-#### -------- ----- #-...| # |......-#####.<..| ###|...| ### ##.......| |...| # --.-- # # |......| +...| ### ################### ### -------- ----- # # # -|---###### `## ### |....### # # |...|## ### ####-...+#### ------- # ###|...|######......| a@#### ###|...|# ###|.....| |...|` #->....| ----- |.....| ------- Yallah the Ninja Experience level: 6 Strength: 7 Dexterity: 14 Constitution: 18 Intelligence: 8 Wisdom: 10 Charisma: 9 Health: 0(60) Energy: 21(21) Def: 6 Gold: 324 Moves: 3203 Dungeon seed: tyL0TuJKX1qkesEC Game ID: Yallah_1507721193 Your Inventory: Coins $ - 324 gold pieces Weapons a - a +0 katana (weapon in hand) b - a +0 wakizashi c - a +0 yumi (alternate weapon; not wielded) d - 33 +0 ya (in quiver) Armor e - an uncursed rustproof +0 splint mail (being worn) Comestibles l - 5 uncursed gunyoki A - an uncursed cream pie Scrolls m - an uncursed scroll of enchant weapon z - an uncursed scroll of blank paper B - a blessed scroll of identify Potions s - an uncursed potion of water w - an uncursed potion of see invisible D - an uncursed potion of enlightenment Rings x - a cursed ring of hunger Wands k - a wand of make invisible (0:6) Tools p - an uncursed skeleton key r - an uncursed skeleton key y - an uncursed tin whistle Gems q - an uncursed worthless piece of yellow glass Spells and supernatural/magical abilities: Name Level Category Fail Memory x - extra healing 3 healing 100% 97% W - pray for help -- divine ? -- Your skills at the end: Fighting Skills martial arts [Basic] Weapon Skills short sword [Basic] long sword [Basic] bow [Basic] Spellcasting Skills Final Attributes: You were piously aligned. You were fast. You are dead. Vanquished creatures: a large mimic a lizard a dog a soldier ant an orc shaman a rock piercer 2 kobold mummies a gray ooze a paper golem 3 floating eyes a homunculus 4 hill orcs a centipede a wererat 2 iguanas an acid blob a gas spore a large kobold a hobgoblin 2 giant rats 2 yellow molds 2 green molds 2 gnomes 11 garter snakes 2 gnome zombies 4 jackals a goblin 2 sewer rats 5 grid bugs 7 lichens 2 kobold zombies 7 newts 75 creatures vanquished. Voluntary challenges: You used a wielded weapon 96 times, starting on turn 37. You read items or engraved 14 times, starting on turn 2202. You never genocided any monsters. You never polymorphed an object. You never changed form. You used no wishes. You never split a pudding. You never wrote Elbereth's name. You violated your moral code, losing 2 points of alignment, starting on turn 730. Dungeon overview: The Dungeons of Doom: levels 1 to 7 Level 1 a fountain a long staircase Level 2 an altar to Amaterasu Omikami Level 3 a general store Level 4 a long staircase Level 5 many fountains Level 6 a long staircase Level 7 <- You were here History has recorded: On T:1 you entered the Dungeons of Doom to retrieve the Amulet of Yendor! On T:319 you reached level 2 of The Dungeons of Doom. On T:422 you advanced to experience level 2. On T:953 you reached level 3 of The Dungeons of Doom. On T:1058 you advanced to experience level 3. On T:1274 you advanced to experience level 4. On T:1394 you reached level 4 of The Dungeons of Doom. On T:1522 you advanced to experience level 5. On T:1718 you reached level 5 of The Dungeons of Doom. On T:2067 you reached level 6 of The Dungeons of Doom. On T:2572 you advanced to experience level 6. On T:3059 you reached level 7 of The Dungeons of Doom. Score breakdown: Gold: 324 ( 8544 points) Experience: 6 levels (12456 points) Exploration: 7 levels ( 14.29%) (10606 points) Discoveries: 3 items ( 1.22%) ( 3312 points) Valuables value: (no points given unless you survive) Artifact value: 0 ( 0 points) Variety of kills: 32 monsters ( 8.40%) ( 8694 points) Turncount: 3203 turns ( -696 points) Survival: died (score multiplied by 80%) Total score: 34332 Latest messages: Ecch - that must have been poisonous! This soldier ant corpse tastes terrible! You resume your meal. You stop eating. The soldier ant bites! The soldier ant stings! You miss the soldier ant. The soldier ant bites! The soldier ant stings! The soldier ant's sting was poisoned! You feel weaker! You miss the soldier ant. You hit the soldier ant. The soldier ant bites! The soldier ant stings! The soldier ant's sting was poisoned! Your movements are slowed slightly because of your load. You feel weaker! The soldier ant bites! You die... Final status: Sayonara Yallah the Samurai, killed by a soldier ant... You died in The Dungeons of Doom on dungeon level 7 with 34332 points, and 324 pieces of gold, after 3203 moves. You were level 6 with a maximum of 60 hit points when you died.